 Dungeon Crawl Stone Soup version 0.19.0-2-gae57169 (webtiles) character file.

87 Kwzr the Grave Robber (level 4, -2/32 HPs)
             Began as a Formicid Necromancer on Nov 7, 2016.
             Slain by a howler monkey (6 damage)
             ... on level 6 of the Dungeon.
             The game lasted 00:18:15 (2755 turns).

Kwzr the Grave Robber (Formicid Necromancer)        Turns: 2755, Time: 00:18:15

Health: -2/32      AC:  2    Str: 13    XL:     4   Next: 80%
Magic:  3/8        EV: 12    Int: 15    God:
Gold:   80         SH:  0    Dex: 11    Spells: 4 memorised, 3 levels left

rFire  . . .     SeeInvis +     v - +0 short sword (speed)
rCold  . . .     Gourm    .     a - +0 robe
rNeg   . . .     Faith    .     (no shield)
rPois  .         Spirit   .     (helmet unavailable)
rElec  .         Reflect  .     (no cloak)
rCorr  +         Harm     .     (no gloves)
MR     .....                    (no boots)
Stlth  ++........               (no amulet)
                                (no ring)
                                r - ring of resist corrosion

@: very slightly contaminated
A: permanent stasis, dig shafts and tunnels, four strong arms, antennae 3
a: Dig, Shaft Self


You were on level 6 of the Dungeon.
You were very hungry.

You visited 1 branch of the dungeon, and saw 6 of its levels.

You collected 80 gold pieces.

Inventory:

Hand Weapons
 i - a +0 club
 k - a +0 whip
 l - a +0 dagger
 q - a +0 dagger
 s - a +0 short sword
 v - a +0 short sword of speed (weapon)
Missiles
 u - 39 bolts
 x - 19 stones
 y - a throwing net (quivered)
Armour
 a - a +0 robe (worn)
 w - a +0 robe
Jewellery
 f - an uncursed amulet of guardian spirit
 r - a ring of resist corrosion (left hand)
 t - an uncursed ring of ice
Scrolls
 d - a scroll of magic mapping {unknown}
 g - 2 scrolls of identify {unknown}
 h - 3 scrolls of immolation
 A - a scroll of random uselessness {unknown}
Potions
 e - 3 potions of might {unknown}
 m - a potion of heal wounds {unknown}
 o - a potion of haste {unknown}
 p - a potion of curing {unknown}
 z - a potion of flight {unknown}
Books
 b - a book of Necromancy

   Spells                             Type                      Level
   a - Pain                           Necromancy                   1
   b - Animate Skeleton               Necromancy                   1
   c - Vampiric Draining              Necromancy                   3
   d - Regeneration                   Charms/Necromancy            3
   e - Animate Dead                   Necromancy                   4
   f - Control Undead                 Necromancy                   4
 B - a book of Cantrips

   Spells                             Type                      Level
   a - Confusing Touch                Hexes                        1
   b - Animate Skeleton               Necromancy                   1
   c - Summon Small Mammal            Summoning                    1
   d - Apportation                    Translocation                1
Comestibles
 c - 4 bread rations
 j - a slice of pizza
 n - a meat ration


   Skills:
 - Level 1.0 Fighting
 - Level 1.0 Short Blades
 - Level 2.1 Dodging
 - Level 3.3 Stealth
 - Level 3.0 Spellcasting
 + Level 0.6 Summonings
 - Level 4.4 Necromancy


You had 3 spell levels left.
You knew the following spells:

 Your Spells              Type           Power        Failure   Level  Hunger
a - Pain                  Necr           ###.         3%          1    #......
b - Animate Skeleton      Necr           N/A          3%          1    #......
c - Vampiric Draining     Necr           ###.......   12%         3    ###....
d - Summon Small Mammal   Summ           #...         17%         1    #......


Dungeon Overview and Level Annotations

Branches:
Dungeon (6/15)
 Temple: D:4-7

Altars:
Ashenzari

Annotations:
D:3 Jerry's ghost, amateur FoFi


Innate Abilities, Weirdness & Mutations

You are under a permanent stasis effect.
You can dig through walls and to a lower floor.
Your four strong arms can wield two-handed weapons with a shield.
You have a pair of large antennae on your head. (SInv)


Message History

Aiming: Vampiric Draining
Press: ? - help, Shift-Dir - straight line, f - howler monkey
Aim: a howler monkey (heavily wounded)
You miscast Vampiric Draining.
You are very lightly contaminated with residual magic.
Nothing appears to happen.
The howler monkey hits you!
* * * LOW HITPOINT WARNING * * *
Unknown command.
Casting: Vampiric Draining
Confirm with . or Enter, or press ? or * to list all spells.
Aiming: Vampiric Draining
Press: ? - help, Shift-Dir - straight line, f/p - howler monkey
Aim: a howler monkey (heavily wounded)
Okay, then.
The howler monkey hoots and howls with incredible vigour!
The howler monkey barely misses you.
Casting: Vampiric Draining
Confirm with . or Enter, or press ? or * to list all spells.
The howler monkey hits you.
You die...

##
.###
..#
#.###
#.#r#
#.#.#
#.#@#
#.#h#
#...#
#####


You could see a howler monkey and a friendly rat.

Vanquished Creatures
  An adder (D:5)
  An ooze (D:2)
  5 worms
  2 dart slugs
  4 leopard geckos (D:1)
  3 bats
  A giant cockroach (D:1)
  9 goblins
  3 hobgoblins (D:2)
  2 jackals (D:1)
  8 kobolds
  2 quokkas (D:2)
  2 ball pythons
  2 frilled lizards
  5 rats
50 creatures vanquished.

Vanquished Creatures (collateral kills)
  A giant cockroach (D:1)
  A goblin (D:1)
  2 jackals (D:1)
  A rat (D:1)
5 creatures vanquished.

Grand Total: 55 creatures vanquished

Notes
Turn   | Place    | Note
-------+----------+-------------------------------------------
     0 | D:1      | Kwzr the Formicid Necromancer began the quest for the Orb.
     0 | D:1      | Reached XP level 1. HP: 13/13 MP: 3/3
   242 | D:1      | Reached XP level 2. HP: 18/19 MP: 3/5
   278 | D:1      | Learned a level 1 spell: Animate Skeleton
   377 | D:1      | Reached XP level 3. HP: 9/24 MP: 0/6
  1207 | D:2      | Learned a level 3 spell: Vampiric Draining
  1374 | D:2      | Reached XP level 4. HP: 30/31 MP: 3/7
  1523 | D:2      | Reached skill level 1 in Fighting
  1808 | D:3      | Noticed Jerry's ghost (amateur FoFi)
  2382 | D:3      | Found a shattered altar of Ashenzari.
  2535 | D:3      | Learned a level 1 spell: Summon Small Mammal
  2542 | D:3      | Reached skill level 1 in Short Blades
  2682 | D:5      | Entered Level 5 of the Dungeon
  2755 | D:6      | Slain by a howler monkey

Skill      XL: |  1  2  3  4 |
---------------+-------------+-----
Dodging        | 2 |  2.1
Stealth        | 3 |  3.3
Fighting       | 1 |  1.0
Spellcasting   | 3 |  3.0
Short Blades   | 1 |  1.0
Summonings     | |  0.6
Necromancy     | |  4.4

Action                   |  1- 3 |  4- 6 || total
-------------------------+-------+-------++-------
Melee: Unarmed           |    22 |       ||    22
       Dagger            |    17 |       ||    17
       Short sword       |       |    94 ||    94
 Cast: Pain              |    40 |    19 ||    59
       Animate Skeleton  |     8 |     2 ||    10
       Vampiric Draining |       |     5 ||     5
       Summon Small Mamm |       |     3 ||     3
 Abil: Dig               |       |     9 ||     9
  Use: Scroll            |       |     1 ||     1
 Stab: Sleeping          |     3 |     5 ||     8
  Eat: Chunk             |     2 |     5 ||     7
Armor: Robe              |    10 |     6 ||    16
Dodge: Dodged            |    35 |    36 ||    71
